 Dungeon Crawl Stone Soup version 0.23.2-1-ga50397a (webtiles) character file.

Game seed: 1820476608927606430

34 Reg1 the Skirmisher (level 3, -2/34 HPs)
             Began as a Minotaur Berserker on May 20, 2019.
             Was a Follower of Trog.
             Slain by a kobold
             ... wielding a +0 short sword
              (3 damage)
             ... on level 1 of the Dungeon.
             The game lasted 00:02:12 (297 turns).

Reg1 the Skirmisher (Minotaur Berserker)             Turns: 297, Time: 00:02:13

Health: -2/34      AC:  2    Str: 22    XL:     3   Next: 14%
Magic:  2/2        EV: 12    Int:  4    God:    Trog [*.....]
Gold:   10         SH:  0    Dex:  9    Spells: 2/2 levels left

rFire    . . .     SeeInvis .   a - +0 short sword
rCold    . . .     Gourm    .   (no shield)
rNeg     . . .     Faith    .   b - +0 animal skin
rPois    .         Spirit   .   (helmet restricted)
rElec    .         Reflect  .   (no cloak)
rCorr    .         Harm     .   (no gloves)
MR       .....                  (no boots)
Stlth    +.........             (no amulet)
HPRegen  0.11/turn              (no ring)
MPRegen  0.08/turn              (no ring)

@: no status effects
A: retaliatory headbutt, horns 2
a: Berserk, Renounce Religion


You were on level 1 of the Dungeon.
You worshipped Trog.
Trog was aware of your devotion.
You were not hungry.

You visited 1 branch of the dungeon, and saw 1 of its levels.

You collected 10 gold pieces.

Inventory:

Hand Weapons
 a - a +0 short sword (weapon)
Armour
 b - a +0 animal skin (worn)
Comestibles
 c - 3 rations
 d - 7 chunks of flesh


   Skills:
 + Level 4.3 Fighting
 + Level 4.0 Short Blades
 + Level 2.6 Armour
 + Level 2.3 Dodging


You had 2 spell levels left.
You didn't know any spells.
Your spell library was empty.

Dungeon Overview and Level Annotations

Branches:
Dungeon (1/15)

Altars:


Innate Abilities, Weirdness & Mutations

You reflexively headbutt those who attack you in melee.
You have a pair of horns on your head.


Message History

The frilled lizard barely misses you. You furiously retaliate!
You headbutt the frilled lizard!
You kill the frilled lizard!
Trog accepts your kill.
A kobold comes into view. It is wielding a +0 short sword.
The kobold shouts!
A frilled lizard comes into view.
The frilled lizard moves out of view.
A kobold comes into view.
A goblin comes into view. It is wielding a +0 club.
The goblin shouts!
The kobold hits you with a +0 short sword.
* * * LOW HITPOINT WARNING * * *
The kobold hits you with a +0 short sword.
* * * LOW HITPOINT WARNING * * *
The kobold hits you with a +0 short sword.
* * * LOW HITPOINT WARNING * * *
The kobold hits you but does no damage.
The kobold hits you with a +0 short sword.
You die...

############ .
##..........## ..
##....(.......## ...
##.....@Kg†.....#....
#.......K............
##........(..........
#.........(....#....
#........÷÷....#....
##............#......
##....................
#######......##......
#.......#......


You could see a goblin and 2 kobolds.

Vanquished Creatures
  2 oozes (D:1)
  2 dart slugs (D:1)
  A ball python (D:1)
  2 bats (D:1)
  2 giant cockroaches (D:1)
  4 jackals (D:1)
  2 kobolds (D:1)
  A frilled lizard (D:1)
  6 rats (D:1)
22 creatures vanquished.

Notes
Turn   | Place    | Note
-------+----------+-------------------------------------------
     0 | D:1      | Reg1 the Minotaur Berserker began the quest for the Orb.
     0 | D:1      | Reached XP level 1. HP: 19/19 MP: 0/0
     2 | D:1      | Noticed a centaur
     4 | D:1      | Noticed an elf
     4 | D:1      | Noticed a vine stalker
     6 | D:1      | Noticed a naga
     6 | D:1      | Noticed an octopode
     8 | D:1      | Noticed a human
    10 | D:1      | Noticed a felid
    10 | D:1      | Noticed an ogre
    12 | D:1      | Noticed a demigod
    12 | D:1      | Noticed a draconian
    14 | D:1      | Noticed a halfling
    14 | D:1      | Noticed a vampire
    18 | D:1      | Noticed a ghoul
    18 | D:1      | Noticed a minotaur
    20 | D:1      | Noticed a demonspawn
    20 | D:1      | Noticed a spriggan
    22 | D:1      | Noticed a dwarf
    22 | D:1      | Noticed a gargoyle
    24 | D:1      | Noticed a formicid
    24 | D:1      | Noticed a merfolk
    26 | D:1      | Noticed a troll
    26 | D:1      | Noticed a tengu
    44 | D:1      | Reached XP level 2. HP: 26/27 MP: 1/1
   171 | D:1      | Reached XP level 3. HP: 4/33 MP: 2/2
   295 | D:1      | HP: 1/34 [kobold/+0 short sword (1)]
   297 | D:1      | Slain by a kobold

Skill      XL: |  1  2  3 |
---------------+----------+-----
Fighting       | 4 |  4.3
Short Blades   | 4 |  4.0
Armour         | |  2.6
Dodging        | |  2.3

Action                   || total
-------------------------++-------
Melee: Short sword       ||    35
       Headbutt          ||     6
  Use: Scroll            ||     1
       Potion            ||     1
Armor: Animal skin       ||    11
Dodge: Dodged            ||    51
